 Dungeon Crawl Stone Soup version 0.24.0-13-gcf9b3192b9 (webtiles) character file.

Game seed: 9940701215223310844, levelgen mode: deterministic

207 Flugslaktarn the Chopper (level 5, 0/49 HPs)
             Began as a Deep Dwarf Fighter on Nov 10, 2019.
             Slain by an ogre
             ... wielding a +0 giant club
              (10 damage)
             ... on level 4 of the Dungeon.
             The game lasted 00:01:12 (1369 turns).

Flugslaktarn the Chopper (Deep Dwarf Fighter)       Turns: 1369, Time: 00:01:12

Health: 0/49       AC: 11    Str: 20    XL:     5   Next: 54%
Magic:  4/4        EV:  5    Int:  9    God:
Gold:   83         SH:  9    Dex: 12    Spells: 4/4 levels left

rFire    . . .     SeeInvis .   a - +0 war axe
rCold    . . .     Gourm    .   c - +0 shield
rNeg     . . .     Faith    .   k - +0 chain mail
rPois    .         Spirit   .   n - +0 helmet
rElec    .         Reflect  .   (no cloak)
rCorr    .         Harm     .   i - +0 pair of gloves
MR       .....                  (no boots)
Stlth    ..........             (no amulet)
HPRegen  0.00/turn              (no ring)
MPRegen  0.09/turn              (no ring)

@: non-regenerating
A: damage resistance, heal wounds, sense surroundings 1, no regeneration
a: Heal Wounds


You were on level 4 of the Dungeon.
You were not hungry.

You visited 1 branch of the dungeon, and saw 4 of its levels.

You collected 83 gold pieces.

Inventory:

Hand Weapons
 a - a +0 war axe (weapon)
Armour
 b - a +0 scale mail
 c - a +0 shield (worn)
 i - a +0 pair of gloves (worn)
   (You found it on level 1 of the Dungeon)
 k - a +0 chain mail (worn)
   (You found it on level 1 of the Dungeon)
 n - a +0 helmet (worn)
   (You took it off Robin on level 2 of the Dungeon)
Jewellery
 q - a cursed ring of attention {unknown}
   (You found it on level 3 of the Dungeon)
 s - an uncursed amulet of faith {unknown}
   (You found it on level 3 of the Dungeon)
Scrolls
 g - a scroll of enchant armour {unknown}
 j - a scroll of identify {unknown}
 m - 2 scrolls of amnesia {unknown}
 r - a scroll of teleportation {unknown}
Potions
 d - a potion of might
 f - 2 potions of heal wounds {unknown}
 h - a potion of mutation {unknown}
 l - a potion of curing {unknown}
 o - a potion of brilliance {unknown}
Comestibles
 e - 5 rations


   Skills:
 + Level 3.5 Fighting
 * Level 4.4 Axes
 + Level 4.2 Armour
 + Level 4.2 Shields


You had 4 spell levels left.
You didn't know any spells.
Your spell library was empty.

Dungeon Overview and Level Annotations

Branches:
Dungeon (4/15)
 Temple: D:4-7

Altars:
Qazlal
Trog

Shops:
D:4 }


Innate Abilities, Weirdness & Mutations

You are resistant to damage.
You can heal yourself by infusing magical energy.
You passively map a small area around you.
You do not regenerate.


Message History

The ogre is heavily wounded.
You block the ogre's attack.
You barely miss the ogre.
The ogre is heavily wounded.
The ogre hits you with a +0 giant club!
You hit the ogre.
The ogre is heavily wounded.
The ogre hits you with a +0 giant club!
* * * LOW HITPOINT WARNING * * *
You are too injured to fight recklessly!
You are too injured to fight recklessly!
You are too injured to fight recklessly!
You are too injured to fight recklessly!
You are too injured to fight recklessly!
You are too injured to fight recklessly!
You are too injured to fight recklessly!
You are too injured to fight recklessly!
Unknown command.
You fail to use your ability.
The ogre hits you with a +0 giant club!
You die...

, ,,, * *######* # #.#
..... .# #.# #,#...##.#
#.# #.#.#....#.#, #.#
..........∩#.####### #.#
, #........#.......# #.#
*
.######O#########.###.#
........@.......<..##.#
#........###.###......#
#........+ #.#.....)####
#........#,#.#.........#
#........# #.#......#.##
###.###### #.#......#.##
, #.* ,#.#.........# ,*
#, * #.#......#### * , <
#.#......#


You could see an ogre.

Vanquished Creatures
  A wyvern skeleton (D:3)
  Terence (D:2)
  Natasha (D:3)
  Robin (D:2)
  4 adders
  A worm (D:2)
  A dart slug (D:2)
  A leopard gecko (D:1)
  6 orcs
  6 bats
  2 giant cockroaches
  10 goblins (D:2)
  6 hobgoblins
  5 kobolds
  9 rats
55 creatures vanquished.

Notes
Turn   | Place    | Note
-------+----------+-------------------------------------------
     0 | D:1      | Flugslaktarn the Deep Dwarf Fighter began the quest for the
                  | Orb.
     0 | D:1      | Reached XP level 1. HP: 20/20 MP: 1/1
   145 | D:1      | Reached XP level 2. HP: 20/27 MP: 2/2
   341 | D:2      | Noticed Terence
   343 | D:2      | Noticed Robin
   356 | D:2      | Killed Terence
   356 | D:2      | Reached XP level 3. HP: 21/34 MP: 3/3
   364 | D:2      | Killed Robin
   366 | D:2      | Reached XP level 4. HP: 24/42 MP: 3/3
   605 | D:2      | Found a faded altar of an unknown god.
   614 | D:2      | Found a bloodstained altar of Trog.
   684 | D:2      | Found a stormy altar of Qazlal.
   964 | D:3      | Reached XP level 5. HP: 27/49 MP: 4/4
  1284 | D:3      | Noticed Natasha
  1288 | D:3      | Killed Natasha
  1359 | D:4      | Noticed an ogre
  1360 | D:4      | Found Uxzi Jeiwao's Gadget Emporium.
  1369 | D:4      | Slain by an ogre

Levels and vault maps discovered:
D:1:      lightli_arrival_boilingwater, layout_loops_ring
D:2:      layout_basic, bloody_trog, chequers_ecumenical_altar_simple_redux,
          grunt_qazlal_clouds, uniq_terence, uniq_robin
D:3:      layout_basic, chequers_serial_rivers_micro_a, minmay_strange_pillars,
          uniq_natasha
D:4:      layout_basic, kennysheep_slug_shrine, serial_shops, shop_fountains,
          kennysheep_mini_moat, shop, shop, shop, kennysheep_generic_room_13,
          uniq_pikel

Skill      XL: |  1  2  3  4 |
---------------+-------------+-----
Axes           | 3 4 |  4.4
Fighting       | 3 |  3.5
Armour         | 4 |  4.2
Shields        | 4 |  4.2

Action                   |  1- 3 |  4- 6 || total
-------------------------+-------+-------++-------
Melee: War axe           |    68 |    99 ||   167
 Abil: Heal Wounds       |     2 |     2 ||     4
  Eat: Chunk             |       |     2 ||     2
Armor: Scale mail        |    17 |       ||    17
       Chain mail        |    22 |    44 ||    66
Dodge: Dodged            |    24 |    25 ||    49
Block: Shield            |    48 |    55 ||   103
